Map: Império Eterno LE

Players

LowLinK

  • Race: Protoss Protoss
  • League: Platinum
  • Spawn Location: 7:00

OaknShield - Winner!

  • Race: Zerg Zerg
  • League: Diamond
  • Spawn Location: 1:00

VOD

Have the link to the VOD?

Description

Time

  • Played on: Feb. 15, 2020, 11 a.m.
  • Length: 6:40
Show
View Real Time Build Order
Export as new Build Order

LowLinK Protoss 

Build Orders:  

Get SALT Encoding   

  12  0:01  Probe  
  13  0:13  Probe  
  14  0:17  Pylon  
  14  0:25  Probe  
  15  0:38  Probe (Chrono Boost), Gateway  
  16  0:43  Assimilator  
  17  0:50  Probe (Chrono Boost)  
  17  0:56  Probe (Chrono Boost)  
  18  0:57  Assimilator  
  18  1:04  Probe  
  19  1:16  Probe  
  20  1:28  Probe, Cybernetics Core  
  20  1:31  Pylon  
  21  1:40  Probe  
  22  1:52  Probe  
  23  2:00  Pylon  
  23  2:19  Gateway  
  23  2:20  Gateway  
  23  2:21  Stargate  
  23  2:26  Warp Gate (Chrono Boost)  
  25  2:41  Adept  
  25  2:53  Pylon  
  25  3:01  Void Ray (Chrono Boost)  
  29  3:11  Adept (Chrono Boost)  
  33  3:36  Void Ray  
  33  3:57  Pylon  
  33  4:09  Stalker  
  35  4:12  Gateway  
  35  4:16  Void Ray (Chrono Boost)  
  39  4:25  Stalker x2  
  37  4:42  Zealot  
  23  5:12  Zealot x2  
  27  5:34  Zealot x2  
Show
View Real Time Build Order
Export as new Build Order

OaknShield Zerg - Winner!

Build Orders: Hatch First 

Get SALT Encoding   

  12  0:02  Drone  
  13  0:14  Overlord  
  13  0:18  Drone  
  14  0:32  Drone x2  
  16  0:49  Hatchery  
  15  1:04  Extractor  
  15  1:06  Spawning Pool  
  15  1:08  Drone  
  14  1:13  Drone  
  15  1:20  Drone  
  15  1:22  Drone  
  17  1:32  Drone  
  18  1:53  Queen  
  20  2:01  Queen  
  22  2:19  Zergling x2  
  22  2:20  Zergling x8  
  27  2:26  Metabolic Boost  
  27  2:36  Overlord  
  27  2:56  Drone  
  27  2:57  Drone x5  
  33  3:08  Drone x2, Overlord  
  35  3:30  Spore Crawler  
  35  3:33  Spore Crawler  
  32  3:44  Zergling x4  
  32  3:45  Zergling x18  
  43  3:52  Overlord  
  43  3:59  Overlord  
  43  4:04  Roach Warren  
  43  4:06  Lair  
  42  4:16  Drone x2  
  42  4:17  Drone x3  
  45  4:41  Spine Crawler  
  45  4:42  Spore Crawler  
  45  4:43  Spine Crawler  
  41  4:45  Spore Crawler  
  41  4:49  Zergling x2  
  41  4:50  Zergling x12  
  47  5:00  Spore Crawler  
  47  5:05  Spore Crawler  
  47  5:06  Spine Crawler  
  38  5:21  Spine Crawler  
  33  5:31  Queen  
  26  6:02  Spore Crawler  
  24  6:16  Roach x5  
  31  6:39  Ravager x3  
  34  6:40  Ravager x2  
Tags
 
Add a new tag
Caveats
  • Supply blocks, unpowered buildings, or Contaminate may cause inaccurate times.
  • Supply counts are checked every 10 seconds.